 Dungeon Crawl Stone Soup version 0.30-a0-170-g85af917532 (webtiles) character file.

Game seed: 17965594815670719924

85 qw the Chopper (level 4, -2/28 HPs)
             Began as a Gargoyle Fighter on Sept 30, 2022.
             Slain by a river rat (5 damage)
             ... in a sewer.
             The game lasted 00:00:54 (2122 turns).

qw the Chopper (Gargoyle Fighter)                   Turns: 2122, Time: 00:00:54

Health: -2/28      AC: 10    Str: 21    XL:     4   Next: 48%
Magic:  4/4        EV:  9    Int:  9    God:
Gold:   91         SH:  4    Dex:  9    Spells: 3/3 levels left

rFire   . . .      SeeInvis .    Y - +0 war axe
rCold   + . .      Faith    .    c - +0 buckler
rNeg    + . .      Spirit   .    b - +0 scale mail
rPois   inf        Reflect  .    (no helmet)
rElec   +          Harm     .    (no cloak)
rCorr   .          Rampage  .    (no gloves)
Will    .....                    (no boots)
Stlth   ..........               (no amulet)
HPRegen 0.09/turn                (no ring)
MPRegen 0.09/turn                (no ring)

@: about to teleport, very slow
A: sickness immunity, AC +3, negative energy resistance 1, electricity
resistance, torment resistance 1, petrification resistance, cold resistance 1
a: no special abilities


You were in a sewer.
You visited 1 branch of the dungeon, and saw 3 of its levels.
You also visited: Sewer.

You collected 91 gold pieces.


Innate Abilities, Weirdness & Mutations

You are immune to sickness and miasma.
Your stone body is resilient. (AC +3)
You are immune to poison.
You resist negative energy. (rN+)
You are resistant to electric shocks. (rElec)
You are resistant to unholy torment.
You are immune to petrification.
Your flesh is cold resistant. (rC+)


   Skills:
 - Level 3.2 Fighting
 + Level 3.9 Axes
 - Level 1.0 Throwing
 - Level 3.2 Armour
 - Level 3.2 Shields


You had 3 spell levels left.
You didn't know any spells.
Your spell library was empty.

Inventory:

Hand Weapons
 k - a +0 whip
 Y - a +0 war axe (weapon)
Armour
 b - a +0 scale mail (worn)
 c - a +0 buckler (worn)
Scrolls
 a - 2 scrolls of teleportation
Potions
 d - a potion of might
 e - a potion of lignification
 f - a potion of heal wounds {unknown}
 g - a potion of mutation
 h - a potion of invisibility {unknown}
 i - a potion of degeneration {unknown}
 l - a potion of brilliance {unknown}
 o - a potion of resistance {unknown}

Dungeon Overview and Level Annotations

Branches:
Dungeon (3/15)              Sewer (1/1)

Altars:


Message History

The ball python bites you but does no damage.
The ball python constricts you.
The river rat bites you but does no damage.
The ball python barely misses you. The ball python constricts you.
Your unstable footing causes you to fumble your attack.
The river rat bites you but does no damage.
The ball python bites you but does no damage.
The ball python constricts you.
The river rat bites you but does no damage.
The ball python barely misses you. The ball python constricts you.
You barely miss the ball python. You closely miss the river rat.
The ball python bites you but does no damage.
The ball python constricts you.
The river rat twitches its whiskers.
The river rat bites you.
You slash the ball python!
You kill the ball python!
You hit the river rat. The river rat bites you.
You barely miss the river rat.
The river rat is lightly wounded.
The river rat bites you but does no damage.
The river rat barely misses you.
You closely miss the river rat.
The river rat is lightly wounded.
The river rat bites you.
Your unstable footing causes you to fumble your attack.
The river rat bites you!
You closely miss the river rat.
The river rat is lightly wounded.
The river rat bites you. You block the river rat's attack.
2120 ||| READING 3 scrolls of teleportation.
As you read the scroll of teleportation, it crumbles to dust.
You feel strangely unstable. The river rat barely misses you.
You barely miss the river rat. The river rat bites you.
Your unstable footing causes you to fumble your attack.
The river rat bites you.
You die...

~~~~~~~B~.~~.~~~.~~~~~#
~~~~~~~~~~~~~~~~~~~~~~#
~~~~~~~~~~..~~~~~~~~~~#
~~~##~~~###.#~~%###~~~#
#~~~# ###.~~# ~# #~~~#
#..~# #~~~# ##..##
#~~~# #...# #~~@# #..##
#.~r# ##%.## #.~h#
#....## #..~~ ##.....#
...~. #......# #.~...?
#\.....# #?...?#
##.%..## ##..?## #\..##
#####


You could see a river rat and a jackal.

Vanquished Creatures
  A river rat (Sewer)
  A worm (D:2)
  A dart slug (D:2)
  6 bats
  7 endoplasms
  4 giant cockroaches
  6 goblins
  6 hobgoblins
  4 jackals (D:1)
  7 quokkas
  6 ball pythons
  4 frilled lizards
  4 kobolds
  4 rats
61 creatures vanquished.

Notes
Turn   | Place    | Note
-------+----------+-------------------------------------------
     0 | D:1      | qw the Gargoyle Fighter began the quest for the Orb.
     0 | D:1      | Reached XP level 1. HP: 14/14 MP: 1/1
     0 | D:1      | 0 ||| qw: Version: 0.2-a-12-gaebbb33
     0 | D:1      | 0 ||| qw: Game counter: 1432
     0 | D:1      | 0 ||| qw: Always use a shield: true
     0 | D:1      | 0 ||| qw: God list: Okawaru
     0 | D:1      | 0 ||| qw: Allow faded altars: false
     0 | D:1      | 0 ||| qw: Do Orc after D:15 true
     0 | D:1      | 0 ||| qw: Do second Lair branch before Depths: true
     0 | D:1      | 0 ||| qw: Lair rune preference: random
     0 | D:1      | 0 ||| qw: Plans: Normal, Zot:1-4, God:TSO, Crypt, Tomb,
                  | Pan, Slime:5, Hells, Abyss, Orb
     0 | D:1      | 0 ||| PLANNING D:1-11
   148 | D:1      | Reached XP level 2. HP: 19/19 MP: 2/2
   343 | D:1      | 343 ||| DROPPING +0 club.
   566 | D:1      | 566 ||| DROPPING ring of magical power.
   567 | D:1      | 567 ||| READING 4 scrolls labelled CULELY UCVUKK.
   571 | D:1      | 571 ||| READING scroll labelled ITOLE XIETRYCIW.
   572 | D:1      | 572 ||| READING scroll labelled WARGHI LUUZI.
   573 | D:1      | 573 ||| READING scroll labelled BABEMY HYID.
   632 | D:2      | Reached skill level 3 in Axes
   686 | D:2      | 686 ||| Stepping ~*~*~tactically~*~*~ (stealth).
   687 | D:2      | 687 ||| Stepping ~*~*~tactically~*~*~ (stealth).
   688 | D:2      | 688 ||| Stepping ~*~*~tactically~*~*~ (stealth).
   692 | D:2      | Reached XP level 3. HP: 23/23 MP: 3/3
  1304 | D:2      | Found a faded altar of an unknown god.
  1440 | D:2      | 1440 ||| Stepping ~*~*~tactically~*~*~ (stealth).
  1441 | D:2      | 1441 ||| Stepping ~*~*~tactically~*~*~ (stealth).
  1564 | D:2      | 1564 ||| READING scroll labelled EGEKHU KIXU.
  1565 | D:2      | 1565 ||| DRINKING 2 fuming silvery potions.
  1629 | D:3      | 1629 ||| PLANNING SEWER
  1633 | D:3      | 1633 ||| STAIRDANCE
  1654 | D:3      | 1654 ||| Stepping ~*~*~tactically~*~*~ (stealth).
  1655 | D:3      | 1655 ||| Stepping ~*~*~tactically~*~*~ (stealth).
  1676 | D:3      | Reached XP level 4. HP: 28/28 MP: 4/4
  1840 | D:3      | Found a glowing drain.
  1842 | D:3      | 1842 ||| Stepping ~*~*~tactically~*~*~ (stealth).
  1843 | D:3      | 1843 ||| READING scroll labelled KEMER EZXOSUSHRECO.
  1853 | D:3      | Reached skill level 1 in Throwing
  1867 | D:3      | 1867 ||| READING scroll labelled MOAHYCK CAFFU.
  1868 | D:3      | 1868 ||| DRINKING 2 brown potions.
  1868 | D:3      | Gained mutation: Your flesh is cold resistant. (rC+)
                  | [potion of mutation]
  1892 | D:3      | 1892 ||| READING scroll labelled OPEOK QINT.
  1994 | Sewer    | Entered a sewer
  2038 | Sewer    | 2038 ||| Stepping ~*~*~tactically~*~*~ (stealth).
  2119 | Sewer    | HP: 6/28 [river rat (4)]
  2120 | Sewer    | 2120 ||| READING 3 scrolls of teleportation.
  2122 | Sewer    | Slain by a river rat

Levels and vault maps discovered:
D:1:      tarquinn_simple_flora_water_f, layout_rooms
D:2:      layout_basic, shapermc_ecumenical_altar_pompeii
D:3:      layout_rooms, portal_sewer_entry_f
Sewer:    sewer_fruit_machine

Skill      XL: |  1  2  3  4 |
---------------+-------------+-----
Axes           | 2 3 |  3.9
Throwing       | 1 |  1.0
Fighting       | |  3.2
Armour         | |  3.2
Shields        | |  3.2

Action                   |  1- 3 |  4- 6 || total
-------------------------+-------+-------++-------
Melee: War axe           |   103 |    72 ||   175
Throw: Javelin           |    16 |     9 ||    25
  Use: Scroll            |     5 |     4 ||     9
       Potion            |     1 |     1 ||     2
Armor: Scale mail        |    61 |    38 ||    99
Dodge: Dodged            |    52 |    38 ||    90
Block: Buckler           |    21 |    12 ||    33

Table legend:
 A = Non-vault XP
 B = Vault XP
 C = Vault XP percentage of total XP
 D = Non-vault monster count
 E = Vault monster count
 F = Vault count percentage of total count
                 A         B        C        D         E       F
            +---------+---------+-------+---------+---------+-------
      Total |      91 |      31 |  25.4 |      50 |      11 |  18.0
            +---------+---------+-------+---------+---------+-------
        D:1 |      27 |       0 |   0.0 |      15 |       0 |   0.0
        D:2 |      49 |       0 |   0.0 |      26 |       0 |   0.0
        D:3 |      15 |      10 |  40.0 |       9 |       5 |  35.7
      Sewer |       0 |      21 | 100.0 |       0 |       6 | 100.0
            +---------+---------+-------+---------+---------+-------
